Map: Kairos Junction LE

Players

ZipperTheFly - Winner!

  • Race: Terran Terran
  • Spawn Location: 5:00

NtStreamline

  • Race: Terran Terran
  • Spawn Location: 11:00

Event: 2019 WCS Spring

VOD

Have the link to the VOD?

Description

Time

  • Played on: May 17, 2019, 8:42 a.m.
  • Length: 10:04

All games in this series

Show
View Real Time Build Order
Export as new Build Order

ZipperTheFly Terran - Winner!

Build Orders: 1/1/1 

Get SALT Encoding   

  12  0:00  SCV  
  13  0:12  SCV  
  14  0:16  Supply Depot  
  14  0:25  SCV  
  14  0:27  Refinery  
  15  0:38  SCV  
  16  0:44  Barracks  
  16  0:50  SCV  
  16  0:54  Refinery  
  17  1:02  SCV  
  18  1:14  SCV  
  19  1:31  Orbital Command, Barracks Reactor  
  19  1:35  Factory  
  19  1:44  Supply Depot  
  19  1:56  SCV  
  20  2:08  Reaper x2  
  22  2:10  SCV  
  23  2:19  Hellion  
  23  2:21  Starport  
  23  2:22  SCV  
  26  2:34  SCV  
  27  2:39  Supply Depot  
  27  2:40  Reaper x2  
  27  2:42  Hellion  
  31  3:00  Medivac  
  35  3:18  Command Center  
  35  3:22  Factory Tech Lab  
  35  3:25  Marine x2  
  35  3:26  SCV  
  36  3:38  SCV  
  37  3:44  Starport Tech Lab  
  37  3:45  Supply Depot  
  37  3:54  SCV  
  38  3:57  Marine  
  39  4:07  SCV, Raven, Siege Tank, Marine  
  46  4:19  SCV  
  47  4:34  Orbital Command  
  47  4:36  Marine x2  
  47  4:38  SCV  
  50  4:44  Refinery  
  53  4:49  Raven  
  53  4:51  Cyclone  
  55  4:54  Command Center  
  55  4:55  SCV  
  56  5:00  Supply Depot  
  56  5:02  SCV  
  52  5:21  Marine x2  
  53  5:23  SCV x2  
  53  5:27  Siege Tank  
  59  5:35  SCV x2  
  61  5:47  SCV x2  
  63  5:50  Viking x2  
  61  5:59  SCV  
  61  6:00  Siege Tank  
  61  6:02  Stimpack  
  59  6:05  Orbital Command  
  59  6:06  Barracks  
  59  6:08  Engineering Bay, Barracks  
  59  6:10  Engineering Bay  
  59  6:13  SCV x2  
  61  6:19  Marine  
  61  6:25  SCV  
  63  6:28  SCV  
  63  6:32  Siege Tank  
  67  6:36  Orbital Command  
  67  6:37  SCV  
  67  6:38  Terran Infantry Weapons Level 1, Terran Infantry Armor Level 1  
  68  6:40  SCV  
  69  6:50  SCV  
  69  6:51  Marine  
  69  6:54  SCV  
  69  6:55  Barracks, Barracks Reactor x2  
  69  6:56  Barracks, Refinery  
  69  7:02  SCV, Supply Depot x2  
  69  7:04  SCV  
  69  7:07  Siege Tank  
  74  7:09  Marine  
  74  7:11  SCV  
  76  7:15  SCV  
  76  7:18  SCV  
  77  7:24  SCV  
  77  7:27  SCV, Marine  
  77  7:28  Armory  
  80  7:31  SCV  
  80  7:33  Marine x3  
  80  7:34  Marine  
  80  7:36  SCV  
  85  7:42  SCV  
  85  7:43  SCV, Barracks Tech Lab x2  
  85  7:44  Supply Depot  
  87  7:45  Siege Tank  
  87  7:48  SCV, Supply Depot  
  87  7:50  Supply Depot  
  87  7:51  Supply Depot  
  91  7:52  Marauder  
  91  7:54  SCV  
  91  7:55  SCV, Marine x2  
  91  7:56  Marine x2  
  99  8:00  SCV  
  99  8:05  Medivac x2, Refinery  
  104  8:06  SCV  
  104  8:09  Supply Depot  
  104  8:11  SCV  
  106  8:12  SCV  
  106  8:13  Refinery  
  106  8:17  Marauder x2  
  106  8:18  Marauder  
  106  8:19  Orbital Command  
  113  8:20  Concussive Shells  
  113  8:22  Combat Shield  
  113  8:23  Marine  
  113  8:24  Marine x2  
  113  8:25  Marine  
  117  8:43  Marauder x3, Marine x2  
  117  8:47  Medivac  
  127  8:50  Medivac  
  129  9:00  SCV x2  
  131  9:05  Marauder  
  131  9:06  Marauder x2, Marine x2  
  138  9:10  Marine  
  138  9:15  Supply Depot x2  
  139  9:18  Orbital Command  
  132  9:26  Marauder  
  132  9:28  Marauder  
  131  9:36  Marauder, Marine x2  
  126  9:40  Marine x2  
  126  9:44  SCV x2  
  119  9:46  SCV  
Show
View Real Time Build Order
Export as new Build Order

NtStreamline Terran 

Build Orders: Cyclone Opening 

Get SALT Encoding   

  12  0:00  SCV  
  13  0:13  SCV  
  14  0:17  Supply Depot  
  14  0:25  SCV  
  15  0:28  Refinery  
  15  0:39  SCV  
  16  0:45  Barracks  
  16  0:51  SCV  
  17  1:03  SCV  
  18  1:05  Refinery  
  18  1:15  SCV  
  19  1:31  Orbital Command  
  20  1:32  Reaper  
  20  1:42  Factory  
  20  1:54  Supply Depot  
  20  1:58  SCV  
  21  2:05  Reaper  
  22  2:10  SCV  
  23  2:22  SCV  
  24  2:26  Factory Tech Lab  
  24  2:33  Command Center  
  24  2:36  SCV  
  25  2:39  Barracks Reactor  
  25  2:45  Cyclone  
  25  2:50  SCV  
  29  2:56  Mag-Field Accelerator  
  28  3:10  SCV  
  29  3:16  Marine x2  
  31  3:20  Supply Depot  
  31  3:39  Factory  
  31  3:41  Marine x2  
  31  3:42  SCV, Cyclone  
  37  3:50  Supply Depot  
  37  3:54  SCV  
  35  4:06  SCV  
  35  4:15  Cyclone  
  35  4:16  Marine x2  
  37  4:18  SCV  
  38  4:24  Factory Tech Lab  
  38  4:27  Supply Depot  
  38  4:30  SCV  
  39  4:33  Marine x2  
  38  4:41  Supply Depot  
  38  4:47  Cyclone  
  38  4:48  SCV  
  38  4:50  Orbital Command  
  38  4:51  Marine x2  
  44  5:00  SCV, Cyclone  
  48  5:12  Marine x2  
  46  5:19  Cyclone  
  48  5:22  SCV x2  
  50  5:30  Marine x2  
  50  5:32  Cyclone  
  53  5:48  Orbital Command, Marine x2  
  51  6:01  SCV  
  49  6:06  Marine x2  
  51  6:13  Cyclone  
  51  6:15  SCV x2  
  56  6:24  Cyclone  
  59  6:27  SCV  
  59  6:28  SCV  
  61  6:42  SCV x2  
  61  6:46  Command Center  
  63  6:53  Refinery  
  63  6:54  SCV x2, Refinery  
  64  7:01  Siege Tank  
  64  7:06  SCV, Siege Tank, Marine x2  
  70  7:15  Supply Depot  
  70  7:17  Supply Depot  
  70  7:19  SCV  
  70  7:37  SCV x2, Siege Tank  
  70  7:38  Supply Depot  
  75  7:45  Supply Depot  
  75  7:49  SCV x2  
  75  7:50  Starport, Siege Tank  
  80  8:00  Orbital Command  
  80  8:01  SCV x2, Supply Depot  
  80  8:05  Engineering Bay, Supply Depot  
  82  8:06  Supply Depot  
  82  8:13  SCV x2  
  82  8:15  Factory  
  84  8:25  SCV x2, Siege Tank x2  
  92  8:29  Supply Depot  
  91  8:37  SCV x2  
  92  8:42  Orbital Command  
  92  8:50  Starport Reactor  
  92  8:52  Supply Depot  
  92  8:56  SCV x2  
  92  8:57  Siege Tank  
  92  9:01  Siege Tank  
  100  9:05  Hellion x2  
  100  9:09  SCV x3  
  107  9:11  Refinery  
  107  9:14  Refinery  
  98  9:29  Siege Tank  
Tags
 
Add a new tag
Caveats
  • Supply blocks, unpowered buildings, or Contaminate may cause inaccurate times.
  • Supply counts are checked every 10 seconds.